 Dungeon Crawl Stone Soup version 0.19.0-24-gb05acd6 (webtiles) character file.

20200 dvd the Reanimator (level 12, -1/87 HPs)
             Began as a Demonspawn Necromancer on Nov 19, 2016.
             Was the Champion of Ru.
             Slain by a Hell Sentinel (13 damage)
             ... on level 2 of the Abyss on Nov 20, 2016.
             The game lasted 01:01:37 (12901 turns).

dvd the Reanimator (Demonspawn Necromancer)        Turns: 12901, Time: 01:01:37

Health: -1/87      AC:  8    Str: 11    XL:     12   Next: 43%
Magic:  0/24       EV: 15    Int: 23    God:    Ru [******]
Gold:   850        SH:  0    Dex: 15    Spells: 8 memorised, 6 levels left

rFire  . . .     SeeInvis .     a - +8 flail (protect)
rCold  + . .     Gourm    .     n - +3 leather armour {rPois}
rNeg   . . .     Faith    .     (no shield)
rPois  +         Spirit   +     G - +0 helmet
rElec  .         Reflect  .     g - +0 cloak
rCorr  .         Harm     .     (no gloves)
MR     .....                    (boots unavailable)
Stlth  ++........               K - amulet of magic regeneration
                                p - +5 ring of intelligence
                                j - ring of protection from cold

@: exhausted, regenerating, heavily drained
A: talons 3, repulsion field 1, spiny 2, magic shield, magic regeneration,
inability to use devices, inability to train armour, unskilled 1, missing an eye
a: Draw Out Power, Power Leap, Apocalypse, Renounce Religion


You were on level 2 of the Abyss.
You worshipped Ru.
Ru was exalted by your worship.
You were not hungry.

You visited 3 branches of the dungeon, and saw 15 of its levels.
You visited the Abyss 1 time.
You also visited: Sewer.

You collected 850 gold pieces.

Inventory:

Hand Weapons
 a - a +8 flail of protection (weapon)
 s - a +1 short sword of flaming
 B - a +2 dagger of venom
 E - a +0 falchion of flaming
 I - a +3 dagger of electrocution
Armour
 g - a +0 cloak (worn)
 n - a +3 leather armour of poison resistance (worn)
 w - a +1 leather armour of fire resistance
 D - a +2 robe of cold resistance
 G - a +0 helmet (worn)
Magical Staves
 L - an uncursed staff of power
 N - an uncursed staff of air
 T - an uncursed staff of conjuration
Jewellery
 f - an uncursed ring of magical power
 j - a ring of protection from cold (left hand)
 p - a +5 ring of intelligence (right hand)
 y - an uncursed ring of protection from cold
 z - an uncursed amulet of regeneration
 K - an amulet of magic regeneration (around neck)
 R - an uncursed ring of poison resistance
Scrolls
 i - 3 scrolls of magic mapping
 k - 23 scrolls of identify
 l - 7 scrolls of teleportation
 q - a scroll of blinking
 A - a scroll of fear
 O - 6 scrolls of remove curse
 Q - a scroll of amnesia
Potions
 d - 2 potions of agility
 e - 5 potions of flight
 m - 3 potions of brilliance
 t - 3 potions of cure mutation
 C - 2 potions of heal wounds
 M - a potion of magic
Books
 b - a book of Necromancy

   Spells                             Type                      Level
   a - Pain                           Necromancy                   1
   b - Animate Skeleton               Necromancy                   1
   c - Vampiric Draining              Necromancy                   3
   d - Regeneration                   Charms/Necromancy            3
   e - Animate Dead                   Necromancy                   4
   f - Control Undead                 Necromancy                   4
 F - a book of Changes

   Spells                             Type                      Level
   a - Beastly Appendage              Transmutation                1
   b - Sticks to Snakes               Transmutation                2
   c - Spider Form                    Transmutation/Poison         3
   d - Ice Form                       Ice/Transmutation            4
   e - Blade Hands                    Transmutation                5
 H - a book of Geomancy

   Spells                             Type                      Level
   a - Sandblast                      Earth                        1
   b - Passwall                       Transmutation/Earth          2
   c - Stone Arrow                    Conjuration/Earth            3
   d - Petrify                        Transmutation/Earth          4
   e - Lee's Rapid Deconstruction     Earth                        5
 J - a book of Air

   Spells                             Type                      Level
   a - Shock                          Conjuration/Air              1
   b - Swiftness                      Charms/Air                   2
   c - Repel Missiles                 Charms/Air                   2
   d - Static Discharge               Conjuration/Air              3
   e - Lightning Bolt                 Conjuration/Air              5
 P - a book of Clouds

   Spells                             Type                      Level
   a - Mephitic Cloud                 Conjuration/Poison/Air       3
   b - Conjure Flame                  Conjuration/Fire             3
   c - Poisonous Cloud                Conjuration/Poison/Air       6
   d - Freezing Cloud                 Conjuration/Ice/Air          6
   e - Ring of Flames                 Charms/Fire                  7
 S - a book of Power

   Spells                             Type                      Level
   a - Fulminant Prism                Conjuration/Hexes            4
   b - Iskenderun's Mystic Blast      Conjuration                  4
   c - Venom Bolt                     Conjuration/Poison           5
   d - Bolt of Magma                  Conjuration/Fire/Earth       5
   e - Iron Shot                      Conjuration/Earth            6
   f - Orb of Destruction             Conjuration                  7
   g - Spellforged Servitor           Conjuration/Summoning        7
 U - a book of Maledictions

   Spells                             Type                      Level
   a - Corona                         Hexes                        1
   b - Ensorcelled Hibernation        Hexes/Ice                    2
   c - Confuse                        Hexes                        3
   d - Tukima's Dance                 Hexes                        3
   e - Dazzling Spray                 Conjuration/Hexes            3
Comestibles
 c - 15 bread rations
 h - 12 beef jerkies
 o - a royal jelly
 r - 17 fruits
 u - 7 meat rations
 v - 8 slices of pizza


   Skills:
 + Level 5.8(2.9) Fighting
 + Level 3.8(1.1) Short Blades
 + Level 6.8(3.9) Maces & Flails
 + Level 6.0(3.1) Dodging
 + Level 6.6(3.7) Stealth
 + Level 0.8(0.0) Unarmed Combat
 + Level 8.5(5.4) Spellcasting
 + Level 0.6(0.0) Conjurations
 + Level 3.8(1.1) Charms
 + Level 10.2(6.9) Necromancy
 + Level 0.8(0.0) Air Magic
 + Level 0.2(0.0) Earth Magic


You had 6 spell levels left.
You knew the following spells:

 Your Spells              Type           Power        Failure   Level  Hunger
a - Repel Missiles        Chrm/Air       #.....       17%         2    None
b - Vampiric Draining     Necr           #####.....   1%          3    ##.....
c - Regeneration          Chrm/Necr      ###.......   10%         3    ##.....
d - Control Undead        Necr           #####.....   10%         4    ####...
e - Animate Dead          Necr           N/A          10%         4    ####...
f - Shock                 Conj/Air       #...         14%         1    None
g - Stone Arrow           Conj/Erth      #.....       38%         3    ##.....
h - Ensorcelled Hibernat  Hex/Ice        #.....       21%         2    None


Dungeon Overview and Level Annotations

Branches:
Dungeon (11/15)            Temple (1/1) D:4            Lair (3/6) D:11
 Shoals (0/4) Lair:2          Orc (0/2) D:10
  Snake: Lair:2-4    Spider: Lair:2-4

Altars:
Ashenzari
Cheibriados
Dithmenos
Elyvilon
Fedhas
Gozag
Hepliaklqana
Kikubaaqudgha
Makhleb
Nemelex Xobeh
Okawaru
Qazlal
Ru
Sif Muna
Trog
Uskayaw
Vehumet
Xom
Yredelemnul
Zin
The Shining One
Beogh

Shops:
D:5 ?   D:6 *

Annotations:
D:10 Sonja


Innate Abilities, Weirdness & Mutations

You have claws for feet.
You are surrounded by a mild repulsion field. (EV +2)
You are mostly covered in sharp spines.
When hurt, damage is shared between your health and your magic reserves.
You regenerate magic rapidly.
You cannot study or use magical devices.
You cannot train Armour skill.
You are somewhat unskilled. (-1 Apt)
You are missing an eye, making it more difficult to aim.


Message History

The living lightning hits the Hell Sentinel.
The Hell Sentinel completely resists.
The raiju blinks! x4
You focus your will and illuminate the raiju in retribution!
The Hell Sentinel hits you.
* * * LOW HITPOINT WARNING * * *
The Hell Sentinel closely misses you. The ancient zyme hits you.
* * * LOW HITPOINT WARNING * * *
The ancient zyme closely misses you.
You closely miss the Hell Sentinel.
You claw the Hell Sentinel, but do no damage.
The Hell Sentinel is heavily wounded.
The Hell Sentinel begins to attack, but is stunned by your will!
The ancient zyme misses you. The ancient zyme barely misses you.
Unknown command.
You barely miss the Hell Sentinel.
The Hell Sentinel is heavily wounded.
The Hell Sentinel hits you!
* * * LOW HITPOINT WARNING * * *
The Hell Sentinel hits you!
You die...

.. ##.. #.#. .# .
# . ### . # ..# 3
# .. # h .. ##..##
#. ...# .#.# ..
.### ## . # #..#
####.#. .. # #. .
.# #h1@#...#. ..#
..
......##xh.......#
###.#.##.#
###.#... .# #
.#.### .# ##.# . .
# . ### # .#.# . .
.. .


You could see a Hell Sentinel, an ancient zyme and 2 raiju.

Vanquished Creatures
  Erolcha (D:9)
  A hydra (Lair:3)
  A rakshasa (D:11)
  The ghost of Quirk the Blocker, a novice MiFi of Okawaru (D:10)
  The ghost of Philosophy the Fighter, a novice HOFi of Okawaru (D:7)
  A large abomination (Abyss:2)
  The ghost of TotoDurand the Skirmisher, a novice NaFi of Qazlal (D:6)
  2 hill giants (D:11)
  An oklob plant (Lair:2)
  A cyclops (D:11)
  A black mamba (Lair:2)
  3 spiny frogs
  A smoke demon (Abyss:2)
  A komodo dragon (D:11)
  A rime drake (Lair:2)
  A troll (D:9)
  Grinder (D:3)
  A two-headed ogre (D:8)
  2 merfolk (Lair:2)
  A hornet (D:8)
  5 blink frogs (Lair:1)
  3 hippogriffs
  A meliai zombie (D:10)
  2 raiju (Abyss:2)
  A spriggan (D:7)
  A wraith (Abyss:2)
  A wyvern (D:10)
  6 yaks (Lair:1)
  A steam dragon (D:11)
  Edmund (D:5)
  2 wargs (D:11)
  3 porcupines
  6 water moccasins
  7 orc warriors
  A sky beast (D:7)
  7 ogres
  An ice beast (D:8)
  2 phantoms
  3 wolves (Lair:3)
  2 crocodiles
  A centaur (D:5)
  A big kobold (D:7)
  Blork the orc (D:5)
  6 bullfrogs
  3 scorpions
  2 howler monkeys
  6 crimson imps
  A centaur zombie (D:5)
  A jelly (D:7)
  A quasit (D:11)
  2 bullfrog zombies (D:8)
  2 gnoll shamans
  4 hounds
  9 orc priests
  2 bullfrog skeletons (D:11)
  An iguana (D:8)
  16 orc wizards
  2 hell rats (Lair:2)
  4 worker ants
  3 sirens
  A hound skeleton (D:9)
  A worker ant zombie (D:6)
  13 gnolls
  7 adders
  5 river rats (Lair:2)
  3 shadow imps
  An ufetubus (Abyss:2)
  5 oozes
  4 adder skeletons
  4 worms
  A dart slug (D:2)
  9 leopard geckos
  51 orcs
  14 bats
  12 giant cockroaches
  10 goblins
  7 hobgoblins
  15 jackals
  10 kobolds
  3 quokkas
  6 ball pythons
  7 frilled lizards
  3 giant cockroach zombies
  42 rats
382 creatures vanquished.

Vanquished Creatures (collateral kills)
  2 hydras
  A crocodile (D:9)
  A vampire bat (D:8)
  A merfolk avatar (Sewer)
  A worker ant zombie (D:5)
  3 adders (Sewer)
  A leopard gecko (Sewer)
  2 orcs (D:5)
  A ball python (Sewer)
  A giant cockroach (D:5)
  A bat (D:8)
  2 rats (Sewer)
17 creatures vanquished.

Vanquished Creatures (others)
  2 yaks (Lair:1)
  A bullfrog zombie (D:5)
  2 orc wizards
  A gnoll (D:8)
  2 orcs
  A fungus (Lair:2)
9 creatures vanquished.

Grand Total: 408 creatures vanquished

Notes
Turn   | Place    | Note
-------+----------+-------------------------------------------
     0 | D:1      | dvd the Demonspawn Necromancer began the quest for the Orb.
     0 | D:1      | Reached XP level 1. HP: 13/13 MP: 3/3
   496 | D:1      | Gained mutation: You are surrounded by a mild repulsion field. (EV +2) [demonic ancestry]
   496 | D:1      | Reached XP level 2. HP: 18/19 MP: 3/5
  1066 | D:1      | Reached skill level 5 in Necromancy
  1246 | D:1      | Gained mutation: You are partially covered in sharp spines. [demonic ancestry]
  1246 | D:1      | Reached XP level 3. HP: 22/24 MP: 2/6
  1621 | D:2      | Learned a level 3 spell: Vampiric Draining
  1625 | D:2      | Learned a level 3 spell: Regeneration
  1941 | D:2      | Gained mutation: You have sharp toenails. [demonic ancestry]
  1941 | D:2      | Reached XP level 4. HP: 26/30 MP: 3/8
  2163 | D:2      | Found a sacrificial altar of Ru.
  2170 | D:2      | Became a worshipper of Ru the Awakened
  2300 | D:2      | Found a basalt altar of Yredelemnul.
  2539 | D:3      | Noticed Grinder
  2625 | D:3      | Paralysed by Grinder for 4 turns
  2645 | D:3      | Paralysed by Grinder for 4 turns
  2647 | D:3      | HP: 1/30 [Grinder (10)]
  2650 | D:3      | Gained mutation: You are somewhat resistant to further mutation. [potion of mutation]
  2657 | D:3      | Killed Grinder
  2657 | D:3      | Reached skill level 1 in Short Blades
  2657 | D:3      | Reached skill level 1 in Armour
  2657 | D:3      | Gained mutation: When hurt, damage is shared between your health and your magic reserves. [demonic ancestry]
  2657 | D:3      | Reached XP level 5. HP: 6/36 MP: 5/10
  2657 | D:3      | Gained mutation: You have razor-sharp toenails. [demonic ancestry]
  2657 | D:3      | Reached XP level 6. HP: 7/42 MP: 5/11
  2761 | D:3      | Found a deep blue altar of Sif Muna.
  2781 | D:3      | Reached skill level 6 in Necromancy
  2935 | D:3      | Reached skill level 5 in Stealth
  2935 | D:3      | Reached skill level 5 in Spellcasting
  2935 | D:3      | Reached skill level 7 in Necromancy
  2935 | D:3      | Gained mutation: You have claws for feet. [demonic ancestry]
  2935 | D:3      | Reached XP level 7. HP: 46/54 MP: 12/15
  3398 | D:4      | Found a blossoming altar of Fedhas.
  3565 | D:4      | Gained mutation: You are somewhat unskilled. (-1 Apt) [Ru sacrifice]
  3565 | D:4      | Reached * piety under Ru
  3588 | D:4      | Found a staircase to the Ecumenical Temple.
  3593 | Temple   | Entered the Ecumenical Temple
  3932 | D:4      | Reached XP level 8. HP: 56/60 MP: 13/16
  4054 | D:4      | Found a burning altar of Makhleb.
  4055 | D:4      | Found a shimmering altar of Xom.
  4206 | D:5      | Entered Level 5 of the Dungeon
  4234 | D:5      | Got a distressingly furry leather armour
  4275 | D:5      | Learned a level 4 spell: Control Undead
  4286 | D:5      | Learned a level 4 spell: Animate Dead
  4292 | D:5      | Found Ulism's Magic Scroll Shop.
  4346 | D:5      | Identified the +0 leather armour of Golaps {rF+} (You found it on level 5 of the Dungeon)
  4393 | D:5      | Noticed Blork the orc
  4399 | D:5      | Noticed Edmund
  4404 | D:5      | Killed Blork the orc
  4422 | D:5      | Killed Edmund
  4599 | D:5      | Found a glowing drain.
  4615 | Sewer    | Entered a sewer
  4865 | Sewer    | Gained mutation: You cannot study or use magical devices. [Ru sacrifice]
  4865 | Sewer    | Reached ** piety under Ru
  4865 | Sewer    | Reached *** piety under Ru
  4865 | Sewer    | Reached **** piety under Ru
  5248 | D:5      | Lost mutation: You are somewhat resistant to further mutation. [potion of cure mutation]
  5337 | D:6      | Gained mutation: You are mostly covered in sharp spines. [demonic ancestry]
  5337 | D:6      | Reached XP level 9. HP: 65/65 MP: 17/17
  5349 | D:6      | Found Toni's Assorted Antiques.
  5461 | D:6      | Noticed TotoDurand's ghost (novice NaFi)
  5530 | D:6      | Killed TotoDurand's ghost
  5530 | D:6      | Reached skill level 1 in Maces & Flails
  5530 | D:6      | Reached skill level 5 in Stealth
  5593 | D:6      | Found a glowing golden altar of the Shining One.
  6006 | D:7      | Noticed Philosophy's ghost (novice HOFi)
  6113 | D:7      | Killed Philosophy's ghost
  6226 | D:7      | Reached skill level 8 in Necromancy
  6568 | D:7      | Reached XP level 10. HP: 73/73 MP: 19/19
  7469 | D:8      | Found a glowing silver altar of Zin.
  7469 | D:8      | Found an ancient bone altar of Kikubaaqudgha.
  7487 | D:8      | Found an iron altar of Okawaru.
  7494 | D:8      | Found a bloodstained altar of Trog.
  7932 | D:9      | Learned a level 2 spell: Repel Missiles
  8110 | D:9      | Noticed Erolcha
  8154 | D:9      | Killed Erolcha
  8199 | D:10     | Entered Level 10 of the Dungeon
  8203 | D:10     | Noticed Quirk's ghost (novice MiFi)
  8330 | D:10     | Reached skill level 5 in Dodging
  8475 | D:10     | Found a blossoming altar of Fedhas.
  8755 | D:9      | Gained mutation: You cannot train Armour skill. [Ru sacrifice]
  8755 | D:9      | Reached ***** piety under Ru
  8841 | D:11     | Noticed a hill giant
  8851 | D:11     | Killed a hill giant
  8947 | D:11     | Noticed a cyclops
  8964 | D:11     | Gained mutation: You regenerate magic rapidly. [demonic ancestry]
  8964 | D:11     | Reached XP level 11. HP: 78/78 MP: 21/21
  8974 | D:11     | Reached skill level 5 in Fighting
  8979 | D:11     | Noticed a rakshasa
  8979 | D:11     | Noticed a hill giant
  9009 | D:11     | Killed a hill giant
  9023 | D:11     | Killed a rakshasa
  9252 | D:11     | Reached skill level 5 in Maces & Flails
  9267 | D:11     | Found a staircase to the Lair.
  9290 | D:11     | Reached skill level 9 in Necromancy
  9323 | D:11     | Learned a level 1 spell: Shock
  9655 | Lair:1   | Entered Level 1 of the Lair of Beasts
 10476 | Lair:1   | Upgraded the game from 0.19.0-22-gd96e5fe to 0.19.0-24-gb05acd6
 10510 | Lair:2   | Gained mutation: You are missing an eye, making it more difficult to aim. [Ru sacrifice]
 10510 | Lair:2   | Reached ****** piety under Ru
 10671 | Lair:2   | Noticed an oklob plant
 10790 | Lair:2   | Noticed a four-headed hydra
 10803 | Lair:2   | Killed a four-headed hydra
 11034 | Lair:2   | Found a staircase to the Shoals.
 11061 | Lair:2   | Reached XP level 12. HP: 58/86 MP: 9/24
 11622 | Lair:3   | Noticed a four-headed hydra
 11627 | Lair:3   | Noticed a four-headed hydra
 11634 | Lair:3   | Killed a four-headed hydra
 11638 | Lair:3   | Killed a four-headed hydra
 12190 | D:7      | Learned a level 3 spell: Stone Arrow
 12296 | D:10     | Killed Quirk's ghost
 12296 | D:10     | Reached skill level 10 in Necromancy
 12445 | D:10     | Found a staircase to the Orcish Mines.
 12458 | D:10     | Found a roughly hewn altar of Beogh.
 12689 | D:10     | Noticed Sonja
 12693 | D:10     | Cast into level 2 of the Abyss (Sonja)
 12693 | Abyss:2  | Found a corrupted altar of Lugonu.
 12720 | Abyss:2  | Learned a level 2 spell: Ensorcelled Hibernation
 12860 | Abyss:2  | Noticed a Hell Sentinel
 12901 | Abyss:2  | Slain by a Hell Sentinel

Skill      XL: |  1  2  3  4  5  6  7  8  9 10 11 12 |
---------------+-------------------------------------+-----
Dodging        | 2 4 5 6 |  6.0
Necromancy     | 5 7 8 9 10 | 10.2
Stealth        | 2 5 4 5 6 |  6.6
Short Blades   | 1 4 3 |  3.8
Armour         | 1 4 3 4 0 |  0.0
Spellcasting   | 3 5 6 8 |  8.5
Fighting       | 4 3 4 5 |  5.8
Charms         | 3 |  3.8
Maces & Flails | 3 4 6 |  6.8
Unarmed Combat | |  0.8
Conjurations   | |  0.6
Air Magic      | |  0.8
Earth Magic    | |  0.2

Action                   |  1- 3 |  4- 6 |  7- 9 | 10-12 || total
-------------------------+-------+-------+-------+-------++-------
Melee: Unarmed           |     1 |       |       |    15 ||    16
       Dagger            |    36 |    59 |   105 |       ||   200
       Kick              |       |       |    74 |   132 ||   206
       Short sword       |       |       |     9 |       ||     9
       Flail             |       |       |   139 |   505 ||   644
       Falchion          |       |       |     9 |       ||     9
       Punch             |       |       |       |     2 ||     2
 Cast: Pain              |    62 |    23 |    27 |     4 ||   116
       Regeneration      |       |     3 |     2 |     9 ||    14
       Vampiric Draining |       |     1 |    27 |    57 ||    85
       Animate Dead      |       |       |     7 |    20 ||    27
       Control Undead    |       |       |       |     4 ||     4
       Repel Missiles    |       |       |       |     2 ||     2
       Shock             |       |       |       |    21 ||    21
       Stone Arrow       |       |       |       |     2 ||     2
Invok: Sacrifice Skill   |       |       |     1 |       ||     1
       Sacrifice Artific |       |       |     1 |       ||     1
       Sacrifice Durabil |       |       |       |     1 ||     1
       Apocalypse        |       |       |       |     3 ||     3
       Sacrifice an Eye  |       |       |       |     1 ||     1
  Use: Potion            |       |     8 |     4 |     7 ||    19
       Scroll            |       |     2 |     8 |    11 ||    21
 Stab: Sleeping          |     4 |       |    14 |    10 ||    28
       Distracted        |       |       |     4 |     5 ||     9
       Invisible         |       |       |     2 |     2 ||     4
       Paralysed         |       |       |     1 |    16 ||    17
       Confused          |       |       |       |     3 ||     3
  Eat: Chunk             |     4 |     3 |    15 |    24 ||    46
       Fruit             |       |       |     1 |       ||     1
       Royal jelly       |       |       |       |     1 ||     1
Armor: Robe              |     2 |       |       |       ||     2
       Leather armour    |     9 |     7 |    72 |   122 ||   210
       Skin              |       |       |     1 |       ||     1
Dodge: Dodged            |    39 |    30 |   224 |   390 ||   683
       Deflected         |       |       |       |     6 ||     6
       Rpst.: Falchion   |       |       |     5 |       ||     5
